 Seeded DCSS version 0.31.0-32-g396128a36d (webtiles) character file.

Game seed: 16386573391803395365 (custom seed)

77 bronco the Grave Robber (level 4, -5/30 HPs)
             Began as a Mummy Necromancer on Mar 30, 2024.
             Slain by Grinder (9 damage)
             ... on level 3 of the Dungeon.
             The game lasted 00:03:24 (2067 turns).

bronco the Grave Robber (Mummy Necromancer)         Turns: 2067, Time: 00:03:25

Health: -5/30      AC:  2    Str: 11    XL:     4   Next: 13%
Magic:  6/10       EV: 12    Int: 16    God:
Gold:   139        SH:  0    Dex: 12    Spells: 7/11 levels left

rFire   x . .        h - +7 sceptre of Torment {pain, torment}
rCold   + . .        (no shield)
rNeg    + + +        a - +0 robe
rPois   ∞            i - +0 hat
rElec   .            (no cloak)
rCorr   .            (no gloves)
SInv    .            (no boots)
Will    .....        (no amulet)
Stlth   ++           (no ring)
HPRegen 0.25/turn    (no ring)
MPRegen 0.12/turn

%: faith
@: no status effects
A: cold resistance 1, negative energy resistance 3, torment resistance 2, heat
vulnerability 1, in touch with death 1, no potions, faith
a: no special abilities


You were on level 3 of the Dungeon.
You visited 1 branch of the dungeon, and saw 3 of its levels.

You collected 139 gold pieces.

Inventory:

Hand Weapons
 f - a +0 dagger
 h - the +7 sceptre of Torment (weapon) {pain, torment}
   (You found it on level 2 of the Dungeon)
Missiles
 c - 10 poisoned darts
Armour
 a - a +0 robe (worn)
 i - a +0 hat (worn)
Magical Staves
 k - a staff of fire
Wands
 j - a wand of acid (8)
Scrolls
 b - a scroll of fear {unknown}
 d - a scroll of poison {unknown}
 e - a scroll of noise {unknown}
 g - 4 scrolls of teleportation {unknown}
 l - a scroll of revelation {unknown}
 m - a scroll of blinking {unknown}
 n - a scroll of fog {unknown}


   Skills:
 - Level 1.6 Dodging
 - Level 1.6 Stealth
 + Level 4.0 Spellcasting
 + Level 5.0 Necromancy


You had 7 spell levels left.
You knew the following spells:

 Your Spells              Type           Power      Damage    Failure   Level
a - Necrotise             Necr           100%       1d9       2%          1
b - Vampiric Draining     Necr           29%        2d8       6%          3

Your spell library contained the following spells:

 Spells                   Type           Power      Damage    Failure   Level
 Apportation              Tloc           6%         N/A       17%         1
 Animate Dead             Necr           29%        N/A       22%         4
 Jinxbite                 Hex            6%         N/A       26%         2
 Curse of Agony           Necr           29%        N/A       52%         5
 Alistair's Intoxication  Alch           2%         N/A       99%         5


Dungeon Overview and Level Annotations

Branches:
Dungeon (3/15)

Altars:

Annotations:
D:3 Grinder


Innate Abilities, Weirdness & Mutations

You are immune to poison.
Your flesh is cold resistant. (rC+)
You are immune to negative energy. (rN+++)
You are immune to unholy pain and torment.
You are vulnerable to heat. (rF-)
You are in touch with the powers of death.
You do not drink.
You have a special connection with the divine. (Faith)


Message History

You climb downwards.
Grinder shouts!
The adder hisses angrily.
The goblin shouts!
Found a scroll labelled LINEUD SIUSARAS.
Found an escape hatch in the ceiling.
Found a stone staircase leading down.
There is a stone staircase leading up here.
You feel a surge of power!
The adder writhes in agony.
Grinder blinks!
You feel a surge of power!
The adder writhes in agony!
You feel a surge of power!
The adder writhes in agony!
You kill the adder!
The dead are slithering!
You have reached level 4!
Unknown command.
You hit Grinder.
Grinder is lightly wounded.
Your adder skeleton barely misses the goblin.
Grinder hits you!
You barely miss Grinder.
Grinder is lightly wounded.
Grinder hits you. The goblin closely misses you.
Your adder skeleton misses the goblin.
Grinder hits you. The goblin hits you with a +0 dagger.
You hit Grinder.
Grinder is lightly wounded.
Your adder skeleton bites the goblin.
Grinder closely misses you. The goblin hits you with a +0 dagger.
Your adder skeleton bites the goblin.
The goblin dies!
Your Spellcasting skill increases to level 4!
Unknown command.
Unknown command.
You hit Grinder.
Grinder is lightly wounded.
Grinder hits you!
* * * LOW HITPOINT WARNING * * *
Your adder skeleton bites Grinder but does no damage.
Grinder barely misses you.
You closely miss Grinder.
Grinder is lightly wounded.
Your adder skeleton bites Grinder.
Grinder hits you!
You die...
Grinder sighs, "Dead already?
I want a refund."

##########
#####........#
......?@.....#
#####..)5....#
#..Z.....#
#........#
#........#
#.....<..#
#........#
#........#


You could see Grinder (ally target) and a friendly adder skeleton.

Vanquished Creatures
  An adder (D:3)
  3 dart slugs
  3 ribbon worms (D:2)
  3 endoplasms
  5 giant cockroaches
  2 goblins (D:2)
  4 hobgoblins (D:1)
  3 jackals (D:1)
  2 quokkas (D:1)
  4 ball pythons
  6 bats
  4 frilled lizards
  6 kobolds
  4 rats
50 creatures vanquished.

Vanquished Creatures (collateral kills)
  A bat (D:1)
  A giant cockroach (D:1)
  A goblin (D:3)
  A frilled lizard (D:1)
4 creatures vanquished.

Grand Total: 54 creatures vanquished

Notes
Turn   | Place    | Note
-------+----------+-------------------------------------------
     0 | D:1      | bronco the Mummy Necromancer began the quest for the Orb.
     0 | D:1      | Reached XP level 1. HP: 13/13 MP: 4/4
   147 | D:1      | Reached XP level 2. HP: 19/19 MP: 3/5
   556 | D:1      | Reached XP level 3. HP: 24/24 MP: 4/7
   997 | D:2      | Found the +7 sceptre of Torment {pain, torment}
  1050 | D:2      | Learned a level 3 spell: Vampiric Draining
  1943 | D:2      | Reached skill level 5 in Necromancy
  2059 | D:3      | Noticed Grinder
  2063 | D:3      | Reached XP level 4. HP: 30/30 MP: 5/9
  2067 | D:3      | Slain by Grinder

Illustrated notes

Levels and vault maps discovered:
D:1:      eino_arrival_tree_alley, layout_rooms
D:2:      layout_basic, minmay_bisected
D:3:      layout_rooms, uniq_grinder, uniq_terence

Skill      XL: |  1  2  3  4 |
---------------+-------------+-----
Spellcasting   | 3 4 |  4.0
Necromancy     | 5 |  5.0
Dodging        | |  1.6
Stealth        | |  1.6

Action                     |  1- 3 |  4- 6 || total
---------------------------+-------+-------++-------
  Melee: Unarmed           |    20 |       ||    20
         Dagger            |     2 |       ||     2
         Eveningstar       |    22 |     5 ||    27
   Cast: Necrotise         |    59 |       ||    59
   Stab: Sleeping          |     3 |       ||     3
 Armour: Robe              |    45 |     7 ||    52
  Dodge: Dodged            |    48 |     3 ||    51
